 Dungeon Crawl Stone Soup version 0.23.0 (webtiles) character file.

Game seed: 11130980130817747566

11169 xccam the Grappler (level 11, -1/77 HPs)
             Began as a Purple Draconian Transmuter on Feb 17, 2019.
             Was a Follower of Ru.
             Slain by a cyclops (20 damage)
             ... on level 10 of the Dungeon.
             The game lasted 00:43:34 (14920 turns).

xccam the Grappler (Purple Draconian Transmuter)   Turns: 14920, Time: 00:43:34

Health: -1/77      AC: 13    Str: 14    XL:     11   Next: 45%
Magic:  19/24      EV: 16    Int: 14    God:    Ru [*.....]
Gold:   719        SH:  4    Dex: 13    Spells: 12/28 levels left

rFire    . . .     SeeInvis .     - Unarmed
rCold    . . .     Gourm    .   (shield currently unavailable)
rNeg     . . .     Faith    .   (armour unavailable)
rPois    .         Spirit   .   f - +2 hat
rElec    .         Reflect  +   i - +2 cloak
rCorr    .         Harm     .   (gloves currently unavailable)
MR       +....                  B - +0 pair of boots
Stlth    +.........             r - +4 amulet of reflection
HPRegen  0.22/turn              (no ring)
MPRegen  0.19/turn              (no ring)

@: blade hands
A: breathe power, unfitting armour, cold-blooded, cowardly, AC +7
a: Breathe Dispelling Energy, End Transformation, Renounce Religion


You were on level 10 of the Dungeon.
You worshipped Ru.
Ru was aware of your devotion.
You were not hungry.
You had blades for hands.
You visited 2 branches of the dungeon, and saw 12 of its levels.
You also visited: Sewer.

You collected 719 gold pieces.

Inventory:

Missiles
 a - 195 arrows
Armour
 f - a +2 hat (worn)
 i - a +2 cloak (worn)
 t - a +0 pair of gloves (melded)
 z - the -1 pair of gloves of Jiyreoz {rF+ rC+ Dex+4 Slay-2}
   (You found it on level 8 of the Dungeon)

   It affects your dexterity (+4).
   It affects your accuracy and damage with ranged weapons and melee attacks
   (-2).
   It protects you from fire.
   It protects you from cold.
 B - a +0 pair of boots (worn)
Magical Staves
 u - an uncursed staff of wizardry
Jewellery
 r - a +4 amulet of reflection (around neck)
Wands
 b - a wand of paralysis (5)
 g - a wand of digging (4)
 h - a wand of clouds (5)
 x - a wand of iceblast (4)
 A - a wand of scattershot (5)
Scrolls
 d - 3 scrolls of magic mapping
 e - a scroll of blinking
 k - a scroll of fear
 m - 2 scrolls of amnesia
 n - a scroll of fog {unknown}
 p - 12 scrolls of remove curse
 q - 2 scrolls of random uselessness {unknown}
 s - 2 scrolls of teleportation
 v - a scroll of immolation {unknown}
 y - 2 scrolls of noise {unknown}
 D - a scroll of enchant weapon {unknown}
Potions
 j - 4 potions of lignification
 l - 2 potions of ambrosia
 o - a potion of haste
 w - 5 potions of flight
 C - a potion of degeneration {unknown}
 E - a potion of mutation {unknown}
Comestibles
 c - 18 rations
 F - 6 chunks of flesh


   Skills:
 - Level 1.1 Fighting
 + Level 7.7 Dodging
 + Level 10.1 Unarmed Combat
 + Level 9.3 Spellcasting
 + Level 1.4 Conjurations
 + Level 1.2 Translocations
 + Level 8.5 Transmutations
 + Level 1.3 Air Magic
 - Level 3.0 Poison Magic
 + Level 4.9 Evocations


You had 12 spell levels left.
You knew the following spells:

 Your Spells              Type           Power        Failure   Level  Hunger
a - Beastly Appendage     Tmut           ####..       11%         1    None
b - Sticks to Snakes      Tmut           ####....     12%         2    None
c - Spider Form           Tmut/Pois      ###.......   26%         3    #......
d - Blade Hands           Tmut           ####......   45%         5    #####..
e - Mephitic Cloud        Conj/Pois/Air  ##......     56%         3    #......
f - Blink                 Tloc           N/A          45%         2    None

Your spell library contained the following spells:

 Spells                   Type           Power        Failure   Level  Hunger
 Magic Dart               Conj           ##..         36%         1    None
 Summon Small Mammal      Summ           #...         47%         1    None
 Call Imp                 Summ           #.......     58%         2    None
 Slow                     Hex            #.......     58%         2    None
 Ice Form                 Ice/Tmut       ###.....     61%         4    ###....
 Conjure Flame            Conj/Fire      #.......     69%         3    #......
 Call Canine Familiar     Summ           #.......     75%         3    #......
 Summon Guardian Golem    Hex/Summ       #.......     75%         3    #......
 Summon Lightning Spire   Summ/Air       #.......     94%         4    ###....
 Summon Ice Beast         Ice/Summ       #.......     96%         4    ###....


Dungeon Overview and Level Annotations

Branches:
Dungeon (11/15)            Temple (1/1) D:7            Lair (0/6) D:10
    Orc: D:9-12

Altars:
Ashenzari
Cheibriados
Dithmenos
Elyvilon
Fedhas
Gozag
Hepliaklqana
Kikubaaqudgha
Makhleb
Nemelex Xobeh
Okawaru
Qazlal
Ru
Sif Muna
Trog
Uskayaw
Vehumet
Wu Jian
Xom
Yredelemnul
Zin
The Shining One
Beogh

Shops:
D:8 =


Innate Abilities, Weirdness & Mutations

You can breathe bolts of dispelling energy.
Your rich purple scales are hard. (AC +7)
You cannot fit into any form of body armour.
You are cold-blooded and may be slowed by cold attacks.
Your cowardice makes you less effective in combat with threatening monsters.


Message History

There is a stone staircase leading down here.
You punch the cyclops!
You tail-slap the cyclops, but do no damage.
The cyclops is moderately wounded.
The cyclops hits you!
Unknown command.
You barely miss the cyclops.
The cyclops is moderately wounded.
Unknown command.
You punch the cyclops! x2
The cyclops is severely wounded.
The cyclops hits you!
* * * LOW HITPOINT WARNING * * *
Unknown command.
Casting: Blade Hands (slightly dangerous; 10% risk of failure)
Confirm with . or Enter, or press ? or * to list all spells.
Your hands turn into razor-sharp scythe blades.
Your +0 pair of gloves melds into your body.
The cyclops hits you!!
You die...

≈≈≈≈≈≈≈≈≈.≈≈≈≈..................#
≈.≈≈≈≈≈≈≈≈.≈≈≈......###.........#
.≈≈≈≈≈≈≈≈≈..≈.....###...........#
.≈≈≈≈≈≈≈....≈...................#
≈≈≈≈≈≈≈...........###...........#
#÷...#.†......#..#....#.........#
#..#.....#....##.#..............#
#......#..........[[............#
............#...@..............##
......##.........C............##
......(....##.###.............#
.....#.##..................##.#
...###.##.###.##.#..........#.#
####.....>.##.#..#............#
####............###############
..............### ........_...#.#


You could see a cyclops.

Vanquished Creatures
  Gastronok (D:8)
  Snorg (D:10)
  A lindwurm (D:8)
  Maurice (D:8)
  2 trolls
  A hornet (D:7)
  2 hippogriffs
  A shadow (D:11)
  A yak (D:8)
  A wyvern (D:3)
  5 humans (D:6)
  Eustachio (D:5)
  2 hogs (D:8)
  Menkaure (D:5)
  Edmund (D:6)
  A water moccasin (D:10)
  3 ice beasts
  2 sky beasts
  2 hornet zombies
  2 phantoms
  6 ogres
  3 wolves (D:10)
  8 centaurs
  A big kobold (D:7)
  10 bullfrogs
  A gnoll sergeant (D:8)
  3 scorpions
  3 killer bees (D:7)
  7 wights
  4 electric eels (D:10)
  A howler monkey (D:4)
  3 crimson imps
  A centaur zombie (D:11)
  7 hounds
  3 jellies
  9 orc priests
  3 iguanas
  4 orc wizards
  8 worker ants
  3 hound skeletons
  A howler monkey skeleton (D:8)
  10 gnolls
  14 adders
  2 river rats (D:4)
  A shadow imp (D:6)
  2 oozes
  2 adder skeletons (D:8)
  4 worms
  2 dart slugs (D:2)
  4 leopard geckos
  37 orcs
  16 giant cockroaches
  5 goblins
  11 hobgoblins
  4 jackals
  4 quokkas
  6 ball pythons
  7 bats
  12 frilled lizards
  8 kobolds
  A leopard gecko skeleton (D:4)
  9 rats
282 creatures vanquished.

Vanquished Creatures (collateral kills)
  A hog (D:8)
  A human (D:8)
  A killer bee (D:7)
  3 gnolls
  A frilled lizard (D:2)
  A kobold (D:7)
8 creatures vanquished.

Grand Total: 290 creatures vanquished

Notes
Turn   | Place    | Note
-------+----------+-------------------------------------------
     0 | D:1      | xccam the Draconian Transmuter began the quest for the Orb.
     0 | D:1      | Reached XP level 1. HP: 16/16 MP: 3/3
   131 | D:1      | Reached XP level 2. HP: 17/23 MP: 5/5
   481 | D:1      | Reached skill level 4 in Unarmed Combat
   630 | D:1      | Found a shattered altar of Ashenzari.
  1097 | D:2      | Reached XP level 3. HP: 25/28 MP: 4/6
  1108 | D:2      | Learned a level 2 spell: Sticks to Snakes
  1728 | D:2      | Reached XP level 4. HP: 35/35 MP: 5/7
  1734 | D:2      | Reached skill level 5 in Unarmed Combat
  2170 | D:2      | Reached XP level 5. HP: 31/40 MP: 8/8
  2438 | D:3      | Reached skill level 6 in Unarmed Combat
  2580 | D:3      | Noticed a wyvern
  2583 | D:3      | HP: 1/60 [wyvern (13)]
  2588 | D:3      | Killed a wyvern
  2588 | D:3      | Reached XP level 6. HP: 1/47 MP: 9/9
  3131 | D:3      | Found a roughly hewn altar of Beogh.
  3509 | D:4      | Found a glowing drain.
  3519 | D:4      | Your scales start taking on a rich purple colour.
  3519 | D:4      | Reached XP level 7. HP: 38/52 MP: 12/12
  3539 | Sewer    | Entered a sewer
  3794 | Sewer    | Reached skill level 7 in Unarmed Combat
  3931 | D:4      | Learned a level 3 spell: Spider Form
  3993 | D:4      | Found a burning altar of Makhleb.
  4345 | D:4      | Reached XP level 8. HP: 52/59 MP: 12/15
  4641 | D:5      | Entered Level 5 of the Dungeon
  4881 | D:5      | Reached skill level 5 in Spellcasting
  5266 | D:5      | Noticed Eustachio
  5432 | D:5      | Killed Eustachio
  5575 | D:5      | Noticed Menkaure
  5580 | D:5      | Killed Menkaure
  5580 | D:5      | Reached skill level 8 in Unarmed Combat
  5580 | D:5      | Reached skill level 5 in Transmutations
  6164 | D:6      | Noticed Edmund
  6424 | D:5      | Reached skill level 1 in Poison Magic
  6436 | D:6      | Killed Edmund
  6440 | D:6      | Reached XP level 9. HP: 37/64 MP: 14/18
  6980 | D:5      | Reached skill level 5 in Dodging
  8205 | D:7      | Reached skill level 9 in Unarmed Combat
  8504 | D:7      | Reached XP level 10. HP: 44/71 MP: 19/21
  9070 | D:7      | Found a stormy altar of Qazlal.
  9186 | D:7      | Found a staircase to the Ecumenical Temple.
  9448 | Temple   | Entered the Ecumenical Temple
  9543 | Temple   | Became a worshipper of Ru the Awakened
  9654 | D:7      | Found a radiant altar of Vehumet.
  9655 | D:7      | Found a blossoming altar of Fedhas.
  9757 | D:8      | Noticed Maurice
  9808 | D:8      | Killed Maurice
  9808 | D:8      | Reached skill level 1 in Evocations
 10071 | D:8      | Noticed a lindwurm
 10071 | D:8      | Noticed a lindwurm
 10086 | D:8      | Noticed a lindwurm
 10346 | D:8      | Noticed a lindwurm
 10352 | D:8      | Killed a lindwurm
 11288 | D:8      | Noticed Gastronok
 11544 | D:8      | Found Lymin's Jewellery Shop.
 11598 | D:8      | Killed Gastronok
 11598 | D:8      | Reached skill level 10 in Unarmed Combat
 11853 | D:8      | Reached XP level 11. HP: 73/77 MP: 21/23
 12166 | D:8      | Got a pair of steaming gloves
 12172 | D:8      | Identified the -1 pair of gloves of Jiyreoz {rF+ rC+ Dex+4
                  | Slay-2} (You found it on level 8 of the Dungeon)
 12351 | D:9      | Learned a level 5 spell: Blade Hands
 12906 | D:9      | Gained mutation: Your cowardice makes you less effective in
                  | combat with threatening monsters. [Ru sacrifice]
 12906 | D:9      | Reached * piety under Ru
 13160 | D:10     | Entered Level 10 of the Dungeon
 13161 | D:10     | Found a hide-covered altar of Uskayaw.
 13401 | D:10     | Learned a level 3 spell: Mephitic Cloud
 13404 | D:10     | Learned a level 2 spell: Blink
 13812 | D:10     | Found a staircase to the Lair.
 14237 | D:10     | Noticed Snorg
 14536 | D:10     | Killed Snorg
 14536 | D:10     | Reached skill level 1 in Conjurations
 14536 | D:10     | Reached skill level 1 in Translocations
 14536 | D:10     | Reached skill level 1 in Air Magic
 14920 | D:10     | Slain by a cyclops

Skill      XL: |  1  2  3  4  5  6  7  8  9 10 11 |
---------------+----------------------------------+-----
Unarmed Combat | 4 5 6 7 8 9 10 | 10.1
Dodging        | 2 3 4 6 7 |  7.7
Transmutations | 3 4 5 6 8 |  8.5
Spellcasting   | 3 4 6 7 8 9 |  9.3
Poison Magic   | 1 3 |  3.0
Evocations     | 3 4 |  4.9
Conjurations   | 1 |  1.4
Translocations | 1 |  1.2
Air Magic      | 1 |  1.3
Fighting       | |  1.1

Action                   |  1- 3 |  4- 6 |  7- 9 | 10-12 || total
-------------------------+-------+-------+-------+-------++-------
Melee: Unarmed           |   124 |   183 |   525 |   504 ||  1336
       Tailslap          |    13 |    17 |    68 |    67 ||   165
       Kick              |    11 |     4 |    26 |    14 ||    55
       Punch             |     1 |     6 |    18 |    16 ||    41
       Headbutt          |       |     6 |    33 |    17 ||    56
 Cast: Beastly Appendage |     6 |     6 |    32 |    18 ||    62
       Sticks to Snakes  |     1 |     1 |    10 |    15 ||    27
       Spider Form       |       |       |     1 |     4 ||     5
       Blade Hands       |       |       |       |     9 ||     9
Invok: Sacrifice Courage |       |       |       |     1 ||     1
 Abil: Breathe Dispellin |       |       |       |     4 ||     4
       End Transformatio |       |       |       |     4 ||     4
Evoke: Wand              |       |       |     1 |     9 ||    10
  Use: Potion            |       |     2 |       |     6 ||     8
       Scroll            |       |     1 |     7 |     8 ||    16
 Stab: Sleeping          |     2 |     3 |       |     1 ||     6
       Distracted        |       |       |       |     1 ||     1
       Paralysed         |       |       |       |     1 ||     1
  Eat: Chunk             |     3 |     6 |    13 |    17 ||    39
       Ration            |       |       |     1 |     2 ||     3
Armor: Skin              |    42 |    52 |   111 |   107 ||   312
Dodge: Dodged            |    70 |   103 |   332 |   321 ||   826
Block: Other             |       |       |    77 |    70 ||   147
       Reflection        |       |       |     5 |     1 ||     6
